 Dungeon Crawl Stone Soup version 0.22-a0-322-g60b3cfd (webtiles) character file.

86 DiscipleGeek the Sneak (level 4, -1/23 HPs)
             Began as a Spriggan Assassin on Apr 5, 2018.
             Slain by an orc
             ... wielding a +0 flail
              (3 damage)
             ... on level 3 of the Dungeon.
             The game lasted 00:11:09 (2156 turns).

DiscipleGeek the Sneak (Spriggan Assassin)          Turns: 2156, Time: 00:11:09

Health: -1/23      AC: 10    Str:  7    XL:     4   Next: 27%
Magic:  5/5        EV: 17    Int: 12    God:
Gold:   38         SH:  0    Dex: 18    Spells: 3/3 levels left

rFire    . . .     SeeInvis +   a - +2 dagger (protect)
rCold    . . .     Gourm    .   (shield restricted)
rNeg     . . .     Faith    .   c - +0 robe
rPois    .         Spirit   .   (helmet restricted)
rElec    .         Reflect  .   d - +0 cloak
rCorr    .         Harm     .   (gloves unavailable)
MR       .....                  (boots unavailable)
Stlth    ++++......             (no amulet)
HPRegen  0.07/turn              (no ring)
MPRegen  0.09/turn              (no ring)

@: protection aura, very quick
A: very small, unfitting armour, see invisible, herbivore, speed 3, slow
metabolism 2
a: no special abilities


You were on level 3 of the Dungeon.
You were not hungry.

You visited 1 branch of the dungeon, and saw 3 of its levels.

You collected 38 gold pieces.

Inventory:

Hand Weapons
 a - a +2 dagger of protection (weapon)
 b - a +0 blowgun
 h - a +2 dagger
Missiles
 e - 4 poisoned needles
 f - a curare-tipped needle
Armour
 c - a +0 robe (worn)
 d - a +0 cloak (worn)
Scrolls
 i - a scroll of remove curse
 l - a scroll of magic mapping {unknown}
Potions
 k - a potion of flight {unknown}
 m - a potion of agility {unknown}
 n - a potion of curing {unknown}
Comestibles
 g - 3 rations


   Skills:
 + Level 1.9 Fighting
 + Level 2.6 Short Blades
 + Level 2.9 Throwing
 + Level 2.0 Dodging
 + Level 7.3 Stealth


You had 3 spell levels left.
You didn't know any spells.

Dungeon Overview and Level Annotations

Branches:
Dungeon (3/15)

Altars:


Innate Abilities, Weirdness & Mutations

You are very small and have problems with some larger weapons.
You are too small for most types of armour.
You have supernaturally acute eyesight. (SInv)
You are a herbivore.
You cover ground extremely quickly.
You need to consume almost no food.


Message History

The orc is almost dead.
You kill the orc!
The orc barely misses you. x2
You hit the kobold.
Your weapon exudes an aura of protection.
The kobold is severely wounded.
The kobold barely misses you.
You hit the kobold.
You kill the kobold!
The orc hits you but does no damage. The orc misses you.
You hit the hobgoblin.
The hobgoblin is heavily wounded.
The orc misses you. The hobgoblin completely misses you.
The orc hits you but does no damage.
You hit the hobgoblin.
The hobgoblin is almost dead.
The orc hits you with a short sword.
* * * LOW HITPOINT WARNING * * *
The hobgoblin misses you. The orc hits you with a flail.
You die...

##### #@or# #og§#
########## #s§§#
##.........
#(..###..........
#...##..........?.
#...##(...........
#..(....(.K.......
#.†(..............
#...##............


You could see 2 orcs, a giant cockroach, a hobgoblin and a rat.

Vanquished Creatures
  A gnoll (D:2)
  4 adders
  A leopard gecko (D:1)
  An orc (D:3)
  A ball python (D:3)
  2 giant cockroaches
  5 goblins
  4 hobgoblins
  2 quokkas (D:2)
  4 bats
  4 frilled lizards
  5 kobolds
  7 rats
41 creatures vanquished.

Notes
Turn   | Place    | Note
-------+----------+-------------------------------------------
     0 | D:1      | DiscipleGeek the Spriggan Assassin began the quest for the Orb.
     0 | D:1      | Reached XP level 1. HP: 10/10 MP: 2/2
    47 | D:1      | Reached skill level 6 in Stealth
   491 | D:1      | Reached XP level 2. HP: 14/14 MP: 3/3
  1037 | D:1      | Reached skill level 7 in Stealth
  1540 | D:1      | Reached XP level 3. HP: 9/18 MP: 4/4
  1964 | D:2      | Reached XP level 4. HP: 10/23 MP: 5/5
  2156 | D:3      | Slain by an orc

Vault maps used:
D:1:      nzn_arrival_settlement
D:2:      minmay_hexomino_r4

Skill      XL: |  1  2  3 |
---------------+----------+-----
Stealth        | 6 7 |  7.3
Dodging        | 2 |  2.0
Fighting       | |  1.9
Short Blades   | |  2.6
Throwing       | |  2.9

Action                   |  1- 3 |  4- 6 || total
-------------------------+-------+-------++-------
Melee: Dagger            |    97 |     6 ||   103
 Fire: Blowgun           |    38 |    10 ||    48
  Use: Scroll            |     3 |     1 ||     4
 Stab: Sleeping          |     7 |       ||     7
Armor: Robe              |    21 |     5 ||    26
Dodge: Dodged            |    91 |    34 ||   125

Table legend:
 A = Spawn XP
 B = Non-spawn XP
 C = Spawn XP percentage of total XP
 D = Spawn monster count
 E = Non-spawn monster count
 F = Spawn count percentage of total count
 G = Total turns spent on level
                    A         B        C        D         E        F      G
               +---------+---------+-------+---------+---------+-------+---------
         Total |       0 |     124 |   0.0 |       0 |      41 |   0.0 |  2156
               +---------+---------+-------+---------+---------+-------+---------
           D:1 |       0 |      47 |   0.0 |       0 |      23 |   0.0 |  1531
           D:2 |       0 |      68 |   0.0 |       0 |      14 |   0.0 |   541
           D:3 |       0 |       9 |   0.0 |       0 |       4 |   0.0 |    84
               +---------+---------+-------+---------+---------+-------+---------
